 Dungeon Crawl Stone Soup version 0.21.1-1-g345015f (webtiles) character file.

350 letownia2 the Magician (level 6, -8/43 HPs)
             Began as a Merfolk Wizard on Mar 11, 2018.
             Was a Follower of Cheibriados.
             Shot with an arrow by a centaur (9 damage)
             ... on level 5 of the Dungeon.
             The game lasted 00:10:19 (1481 turns).

letownia2 the Magician (Merfolk Wizard)             Turns: 1481, Time: 00:10:20

Health: -8/43      AC:  2    Str: 11    XL:     6   Next: 61%
Magic:  8/11       EV: 13    Int: 19    God:    Cheibriados [*.....]
Gold:   132        SH:  0    Dex: 15    Spells: 0/11 levels left

rFire    . . .     SeeInvis .   b - +0 halberd
rCold    . . .     Gourm    .   (shield currently unavailable)
rNeg     . . .     Faith    .   o - +0 robe
rPois    .         Spirit   .   l - +0 hat
rElec    .         Reflect  .   (no cloak)
rCorr    .         Harm     .   (no gloves)
MR       .....                  (no boots)
Stlth    +++.......             (no amulet)
HPRegen  0.14/turn              y - ring of stealth
MPRegen  0.12/turn              (no ring)

@: very slightly contaminated, very slow
A: change form in water, swift swim, stealthy swim
a: Bend Time, Renounce Religion


You were on level 5 of the Dungeon.
You worshipped Cheibriados.
Cheibriados was aware of your devotion.
You were hungry.

You visited 1 branch of the dungeon, and saw 5 of its levels.

You collected 132 gold pieces.

Inventory:

Hand Weapons
 a - a +1 whip of draining
 b - a +0 halberd (weapon)
 n - a +0 whip
 q - a cursed +0 blowgun
Missiles
 t - 13 poisoned needles
Armour
 j - a +0 leather armour
 l - a +0 hat (worn)
 o - a +0 robe (worn)
 w - a +0 chain mail
Magical Staves
 x - an uncursed staff of energy
Jewellery
 y - a ring of stealth (left hand)
Wands
 s - a wand of paralysis (15)
Scrolls
 e - 2 scrolls of magic mapping {unknown}
 g - a scroll of teleportation
 h - 4 scrolls of identify
 m - 5 scrolls of remove curse
 r - a scroll of enchant armour {unknown}
Potions
 f - a potion of agility
 i - a potion of flight
 k - a potion of heal wounds
Books
 c - a book of Minor Magic

   Spells                             Type                      Level
   a - Magic Dart                     Conjuration                  1
   b - Blink                          Translocation                2
   c - Call Imp                       Summoning                    2
   d - Slow                           Hexes                        2
   e - Conjure Flame                  Conjuration/Fire             3
   f - Mephitic Cloud                 Conjuration/Poison/Air       3
 u - a book of Misfortune

   Spells                             Type                      Level
   a - Confusing Touch                Hexes                        1
   b - Confuse                        Hexes                        3
   c - Gell's Gravitas                Translocation                3
   d - Petrify                        Transmutation/Earth          4
   e - Metabolic Englaciation         Hexes/Ice                    5
   f - Yara's Violent Unravelling     Hexes/Transmutation          5
Comestibles
 d - 4 rations


   Skills:
 + Level 1.5 Fighting
 + Level 0.9 Armour
 - Level 2.6 Dodging
 - Level 2.1 Stealth
 + Level 3.3 Spellcasting
 + Level 2.2 Conjurations
 - Level 2.5 Summonings
 + Level 1.0 Translocations
 + Level 1.1 Fire Magic
 + Level 2.0 Air Magic
 - Level 2.6 Poison Magic


You couldn't memorise any spells.
You knew the following spells:

 Your Spells              Type           Power        Failure   Level  Hunger
a - Magic Dart            Conj           ##..         6%          1    None
b - Blink                 Tloc           N/A          14%         2    ##.....
c - Conjure Flame         Conj/Fire      #.......     22%         3    ###....
e - Mephitic Cloud        Conj/Pois/Air  ##......     17%         3    ###....
i - Call Imp              Summ           ##......     8%          2    ##.....


Dungeon Overview and Level Annotations

Branches:
Dungeon (5/15)
 Temple: D:4-7

Altars:
Cheibriados

Shops:
D:5 !

Annotations:
D:4 Pikel


Message History

Aim: a centaur (resting)
You reach to attack!
The helpless centaur fails to defend itself.
You hit the centaur but do no damage.
The centaur wields a shortbow.
The centaur shoots an arrow.
The arrow hits you.
The centaur shoots an arrow.
The arrow hits you!
* * * LOW HITPOINT WARNING * * *
Unknown command.
Casting: Conjure Flame
Confirm with . or Enter, or press ? or * to list all spells.
Aiming: Mephitic Cloud
Press: ? - help, Shift-Dir - straight line, f/p - centaur
Aim: a centaur, wielding a shortbow You miscast Mephitic Cloud.
You are very lightly contaminated with residual magic.
You hear a whooshing sound.
The centaur shoots an arrow.
The arrow hits you!
* * * LOW HITPOINT WARNING * * *
The centaur shoots an arrow.
The arrow hits you!
You die...

########
#......####
#†####.....
####.#.c...###
#....@....#
#.##.#.##.# #
#.....
#...##.# #.
#.#.# #
.##.#.# ......
.....# #.#.#


You could see a centaur.

Vanquished Creatures
  A necrophage (D:5)
  A sky beast (D:5)
  A jelly (D:4)
  An orc wizard (D:3)
  An iguana (D:5)
  2 adders
  A dart slug (D:1)
  4 orcs
  2 giant cockroaches (D:3)
  2 goblins
  5 hobgoblins
  4 kobolds
  A quokka (D:5)
  A ball python (D:3)
  4 bats
  A frilled lizard (D:2)
  4 rats
36 creatures vanquished.

Vanquished Creatures (collateral kills)
  A crimson imp (D:5)
  A gnoll (D:2)
  3 adders (D:3)
  A leopard gecko (D:5)
  4 orcs
  A giant cockroach (D:3)
  A kobold (D:3)
  A bat (D:3)
13 creatures vanquished.

Grand Total: 49 creatures vanquished

Notes
Turn   | Place    | Note
-------+----------+-------------------------------------------
     0 | D:1      | letownia2 the Merfolk Wizard began the quest for the Orb.
     0 | D:1      | Reached XP level 1. HP: 13/13 MP: 4/4
    77 | D:1      | Reached skill level 1 in Conjurations
   142 | D:1      | Reached XP level 2. HP: 12/19 MP: 0/6
   147 | D:1      | Learned a level 2 spell: Call Imp
   524 | D:3      | Reached XP level 3. HP: 24/24 MP: 2/7
   556 | D:3      | Learned a level 3 spell: Mephitic Cloud
   640 | D:3      | Reached skill level 1 in Poison Magic
   640 | D:3      | Reached XP level 4. HP: 29/30 MP: 1/8
   724 | D:3      | Found a snail-covered altar of Cheibriados.
   740 | D:3      | Became a worshipper of Cheibriados the Contemplative
   788 | D:4      | Reached skill level 1 in Air Magic
   806 | D:4      | Noticed a slave
   807 | D:4      | Noticed Pikel
   807 | D:4      | Noticed a slave
   808 | D:4      | Noticed a slave
   810 | D:4      | Noticed a slave
   997 | D:3      | Learned a level 3 spell: Conjure Flame
  1004 | D:4      | Reached XP level 5. HP: 21/35 MP: 1/9
  1029 | D:5      | Entered Level 5 of the Dungeon
  1031 | D:5      | Found Seastrume's Distillery.
  1099 | D:5      | Reached * piety under Cheibriados
  1247 | D:5      | Noticed a necrophage
  1254 | D:5      | Noticed an ogre
  1262 | D:5      | Noticed a sky beast
  1262 | D:5      | Noticed a centaur
  1270 | D:5      | HP: 1/36 [poisoned by an adder]
  1412 | D:5      | Killed a necrophage
  1412 | D:5      | Reached skill level 1 in Fighting
  1412 | D:5      | Reached XP level 6. HP: 22/43 MP: 10/10
  1416 | D:5      | Learned a level 2 spell: Blink
  1430 | D:5      | Killed a sky beast
  1430 | D:5      | Reached skill level 1 in Translocations
  1430 | D:5      | Reached skill level 1 in Fire Magic
  1481 | D:5      | HP: 1/43 [centaur/arrow (11)]
  1481 | D:5      | Shot with an arrow by a centaur

Skill      XL: |  1  2  3  4  5  6 |
---------------+-------------------+-----
Conjurations   | 1 2 |  2.2
Summonings     | 2 |  2.5
Poison Magic   | 1 2 |  2.6
Air Magic      | 1 2 |  2.0
Fighting       | 1 |  1.5
Translocations | 1 |  1.0
Fire Magic     | 1 |  1.1
Armour         | |  0.9
Dodging        | |  2.6
Stealth        | |  2.1
Spellcasting   | |  3.3

Action                   |  1- 3 |  4- 6 || total
-------------------------+-------+-------++-------
Melee: Unarmed           |    27 |       ||    27
       Halberd           |     7 |     6 ||    13
       Whip              |     5 |    39 ||    44
Throw: Throwing net      |       |     2 ||     2
 Cast: Magic Dart        |    43 |    21 ||    64
       Call Imp          |     6 |    13 ||    19
       Mephitic Cloud    |       |     3 ||     3
       Conjure Flame     |       |     2 ||     2
Evoke: Wand              |       |     3 ||     3
  Use: Potion            |       |     4 ||     4
       Scroll            |       |     3 ||     3
 Stab: Sleeping          |     2 |     2 ||     4
       Paralysed         |       |     7 ||     7
       Held in net/web   |       |     1 ||     1
  Eat: Chunk             |       |     2 ||     2
Armor: Robe              |     3 |    11 ||    14
Dodge: Dodged            |    47 |    43 ||    90
